 Dungeon Crawl Stone Soup version 0.30.1-4-g462c640d31 (webtiles) character file.

Game seed: 1867150257231118692

37 CarvArkoylaein the Trooper (level 3, -2/33 HPs)
             Began as a Hill Orc Fighter on Sept 1, 2023.
             Slain by a kobold
             ... wielding a +0 dagger
              (3 damage)
             ... on level 1 of the Dungeon.
             The game lasted 00:06:07 (509 turns).

CarvArkoylaein the Trooper (Hill Orc Fighter)        Turns: 509, Time: 00:06:08

Health: -2/33      AC: 11    Str: 20    XL:     3   Next: 41%
Magic:  3/3        EV:  5    Int:  8    God:
Gold:   24         SH:  4    Dex: 10    Spells: 2/2 levels left

rFire   . . .        a - +0 war axe
rCold   . . .        c - +0 buckler
rNeg    . . .        h - +0 plate armour
rPois   .            (no helmet)
rElec   .            (no cloak)
rCorr   .            (no gloves)
SInv    .            (no boots)
Will    .....        (no amulet) Stlth
                     (no ring)
HPRegen 0.25/turn    (no ring)
MPRegen 0.08/turn

%: no passive effects
@: mighty
A: no striking features
a: no special abilities


You were on level 1 of the Dungeon.
You visited 1 branch of the dungeon, and saw 2 of its levels.

You collected 24 gold pieces.

Inventory:

Hand Weapons
 a - a +0 war axe (weapon)
Armour
 b - a +0 scale mail
 c - a +0 buckler (worn)
 h - a +0 plate armour (worn)
 k - a +0 kite shield
Scrolls
 e - a scroll of blinking {unknown}
 g - 2 scrolls of vulnerability {unknown}
 i - a scroll of immolation {unknown}
Potions
 f - a potion of magic {unknown}


   Skills:
 + Level 4.1 Fighting
 + Level 3.5 Axes
 + Level 3.6 Armour
 + Level 3.6 Shields


You had 2 spell levels left.
You didn't know any spells.
Your spell library was empty.

Dungeon Overview and Level Annotations

Branches:
Dungeon (2/15)

Altars:


Message History

You feel very mighty all of a sudden.
The gnoll hits you from afar with a +0 halberd!
* * * LOW HITPOINT WARNING * * *
The gnoll barely misses you. The rat bites you but does no damage.
The gnoll hits you but does no damage. The rat attacks as you move away!
The rat bites you but does no damage.
You slice the rat!!
You kill the rat!
The gnoll barely misses you.
You slash the rat!
You kill the rat!
The gnoll hits you but does no damage.
The gnoll hits you from afar with a +0 halberd.
* * * LOW HITPOINT WARNING * * *
A ball python comes into view.
The ball python hisses angrily.
Found 10 gold pieces.
Found 16 gold pieces.
Found a stone staircase leading up.
You slash the ball python!
You kill the ball python!
The gnoll hits you but does no damage. x2
A kobold comes into view. It is wielding a +0 dagger.
The kobold shouts!
A rat comes into view.
Found a war axe.
The kobold hits you but does no damage.
There is a stone staircase leading up here.
You can't go down here!
The gnoll hits you from afar with a +0 halberd.
* * * LOW HITPOINT WARNING * * *
The kobold hits you but does no damage.
The gnoll hits you from afar with a +0 halberd.
* * * LOW HITPOINT WARNING * * *
You climb upwards.
Found a coral ring.
There is a stone staircase leading down here.
You barely miss the kobold. The kobold hits you with a +0 dagger.
* * * LOW HITPOINT WARNING * * *
You closely miss the kobold. The kobold hits you with a +0 dagger.
You die...

# ### ####### ###. #..
......# .....##.##
......##.###......#
................@K#
......##.....###.....#
......# # #....=#
#...### #........
###.... ##....###
#.... .#..# .... ###.#
.... .. ..


You could see a kobold.

Vanquished Creatures
  A gnoll (D:2)
  An adder (D:2)
  2 endoplasms (D:1)
  A hobgoblin (D:1)
  A quokka (D:1)
  3 ball pythons
  5 bats
  A goblin (D:1)
  A kobold (D:1)
  4 rats
20 creatures vanquished.

Notes
Turn   | Place    | Note
-------+----------+-------------------------------------------
     0 | D:1      | CarvArkoylaein the Hill Orc Fighter began the quest for the
                  | Orb.
     0 | D:1      | Reached XP level 1. HP: 19/19 MP: 1/1
   242 | D:1      | Reached XP level 2. HP: 27/27 MP: 2/2
   461 | D:2      | Reached skill level 4 in Fighting
   461 | D:2      | Reached XP level 3. HP: 26/33 MP: 3/3
   506 | D:2      | HP: 1/33 [gnoll/+0 halberd (6)]
   509 | D:1      | Slain by a kobold

Illustrated notes

Levels and vault maps discovered:
D:1:      wander_arrival_peaceful_grave, layout_basic
D:2:      layout_basic, basic_altar

Skill      XL: |  1  2 |
---------------+-------+-----
Axes           | 3 |  3.5
Fighting       | 4 |  4.1
Armour         | |  3.6
Shields        | |  3.6

Action                     || total
---------------------------++-------
  Melee: War axe           ||    47
    Use: Scroll            ||     2
         Potion            ||     1
 Armour: Scale mail        ||    17
         Plate armour      ||    35
  Dodge: Dodged            ||    19
  Block: Buckler           ||     8
